 Dungeon Crawl Stone Soup version 0.31-a0-532-g28f74ba3e5 (webtiles) character file.

Game seed: 13682195182490219584

30 Mickster the Chopper (level 3, -4/33 HPs)
             Began as a Hill Orc Berserker on Aug 12, 2023.
             Was a Follower of Trog.
             Killed by an exploding goblin (31 damage)
             ... ignited by their inner flame
             ... on level 2 of the Dungeon on Aug 13, 2023.
             The game lasted 00:08:27 (899 turns).

Mickster the Chopper (Hill Orc Berserker)            Turns: 899, Time: 00:08:28

Health: -4/33      AC:  5    Str: 21    XL:     3   Next: 18%
Magic:  3/3        EV: 11    Int:  7    God:    Trog [*.....]
Gold:   33         SH:  0    Dex: 10    Spells: 2/2 levels left

rFire   . . .        a - +0 hand axe
rCold   . . .        (no shield)
rNeg    . . .        e - +0 ring mail
rPois   .            (no helmet)
rElec   .            (no cloak)
rCorr   .            (no gloves)
SInv    .            (no boots)
Will    .....        (no amulet) Stlth
                     (no ring)
HPRegen 0.25/turn    (no ring)
MPRegen 0.08/turn

%: no passive effects
@: no status effects
A: no striking features
a: Renounce Religion, Berserk


You were on level 2 of the Dungeon.
You worshipped Trog.
Trog was aware of your devotion.
You visited 1 branch of the dungeon, and saw 2 of its levels.

You collected 33 gold pieces.

Inventory:

Hand Weapons
 a - a +0 hand axe (weapon)
Armour
 b - a +0 animal skin
 e - a +0 ring mail (worn)
Talismans
 c - a flux talisman
Scrolls
 f - a scroll of fog {unknown}
 g - a scroll of teleportation {unknown}


   Skills:
 + Level 4.1 Fighting
 + Level 4.5 Axes
 + Level 2.5 Armour
 + Level 1.9 Dodging


You had 2 spell levels left.
You didn't know any spells.
Your spell library was empty.

Dungeon Overview and Level Annotations

Branches:
Dungeon (2/15)

Altars:


Message History

You miss the kobold.
The kobold is heavily wounded.
The kobold closely misses you.
You hit the kobold but do no damage.
The kobold is heavily wounded.
The kobold barely misses you. The kobold misses you.
You barely miss the kobold.
The kobold is heavily wounded.
The kobold hits you but does no damage. The kobold barely misses you.
You slash the kobold!
You kill the kobold!
Trog accepts your kill.
You feel yourself speed up.
f - a scroll labelled WOKYPPY IQUOM You see here a +0 club.
Found a scroll labelled YGGEUR JIUZA.
g - a scroll labelled YGGEUR JIUZA A goblin comes into view.
It is wielding a +0 dagger.
The goblin shouts!
The goblin unwields a +0 dagger.
The goblin wields a +0 sling.
The goblin shoots a sling bullet.
The sling bullet hits you.
As you read the scroll labelled GEMPEEREMN, it crumbles to dust.
The creatures around you are filled with an inner flame!
It was a scroll of immolation.
The goblin shoots a sling bullet.
The sling bullet misses you.
The goblin shoots a sling bullet.
The sling bullet hits you but does no damage.
You recover from your berserk rage.
The goblin shoots a sling bullet.
The sling bullet hits you.
The goblin shoots a sling bullet.
The sling bullet closely misses you.
The goblin shoots a sling bullet.
The sling bullet misses you.
The goblin shoots a sling bullet.
The sling bullet closely misses you.
The goblin unwields a +0 sling.
The goblin wields a +0 dagger.
The goblin hits you with a +0 dagger.
You hit the goblin. Trog accepts your kill.
The goblin explodes!
The fiery explosion engulfs you!!
Ouch! That really hurt!
You die...

..... #.#............
.....##.#.##....?....
...................
...#.# #.......# ##.#.#
#.....# #....#+#.....# .
#............# ...
#............###..... #
#............@§......
#.##.).....#....##§....#
...#......#....... .....
...##.#.##....####. ....
..............### . ...
.................. ..
#................. #
#.................
#....<....#.##....


There were no monsters in sight!

Vanquished Creatures
  A gnoll (D:1)
  A dart slug (D:1)
  4 bats
  3 endoplasms (D:1)
  A giant cockroach (D:1)
  2 goblins
  A hobgoblin (D:1)
  2 kobolds
  A quokka (D:1)
  A ball python (D:1)
  2 rats (D:1)
19 creatures vanquished.

Notes
Turn   | Place    | Note
-------+----------+-------------------------------------------
     0 | D:1      | Mickster the Hill Orc Berserker began the quest for the
                  | Orb.
     0 | D:1      | Reached XP level 1. HP: 19/19 MP: 1/1
   294 | D:1      | Reached XP level 2. HP: 27/27 MP: 2/2
   548 | D:1      | Reached XP level 3. HP: 33/33 MP: 3/3
   899 | D:2      | Killed by an exploding goblin... ignited by their inner
                  | flame

Illustrated notes

Levels and vault maps discovered:
D:1:      nzn_arrival_crosshair, layout_loops_ring
D:2:      layout_basic, basic_altar, lexackson_kobold_supper

Skill      XL: |  1  2 |
---------------+-------+-----
Fighting       | 4 |  4.1
Axes           | |  4.5
Armour         | |  2.5
Dodging        | |  1.9

Action                     || total
---------------------------++-------
  Melee: Hand axe          ||    64
         Punch             ||     1
 Invoke: Berserk           ||     2
    Use: Scroll            ||     1
 Armour: Animal skin       ||     5
         Ring mail         ||    19
  Dodge: Dodged            ||    44

Table legend: (Time is in decaauts)
 A = Elapsed time spent in this place.
 B = Non-inter-level travel time spent in this place.
 C = Inter-level travel time spent in this place.
 D = Time resting spent in this place.
 E = Time spent auto-exploring this place.
 F = Levels seen in this place.
 G = Mean time per level.
                   A        B        C        D        E       F      G
               +--------+--------+--------+--------+--------+-----+--------+
         Total |    927 |    864 |     63 |    246 |      0 |   2 |  463.5 |
       Dungeon |    927 |    864 |     63 |    246 |      0 |   2 |  463.5 |
               +--------+--------+--------+--------+--------+-----+--------+

Top non-repeatable levels by time:
     D:1: 855 daAuts
     D:2: 72 daAuts
